 Dungeon Crawl Stone Soup version 0.31.0-32-g396128a36d (webtiles) character file.

Game seed: 8554253399499437126

14 jjones the Grasshopper (level 2, 0/23 HPs)
             Began as a Gnoll Wanderer on Mar 25, 2024.
             Slain by a hobgoblin (3 damage)
             ... on level 1 of the Dungeon.
             The game lasted 00:12:35 (182 turns).

jjones the Grasshopper (Gnoll Wanderer)              Turns: 182, Time: 00:12:36

Health: 0/23       AC:  2    Str:  9    XL:     2   Next: 41%
Magic:  5/5        EV: 10    Int: 13    God:
Gold:   17         SH:  4    Dex: 11    Spells: 6/6 levels left

rFire   . . .        i - +0 mace
rCold   . . .        d - +0 buckler
rNeg    . . .        c - +0 robe
rPois   .            (no helmet)
rElec   .            (no cloak)
rCorr   .            (no gloves)
SInv    .            (no boots)
Will    .....        (no amulet)
Stlth   +            (no ring)
HPRegen 0.23/turn    (no ring)
MPRegen 0.09/turn

%: no passive effects
@: about to teleport
A: fangs 1, strong nose, distributed training
a: no special abilities


You were on level 1 of the Dungeon.
You visited 1 branch of the dungeon, and saw 1 of its levels.

You collected 17 gold pieces.

Inventory:

Hand Weapons
 a - a +0 dagger
 f - a +0 dagger of draining
 g - a +0 dagger
 h - a +0 spear
 i - a +0 mace (weapon)
 k - a +0 short sword
 l - a +0 dagger
Armour
 c - a +0 robe (worn)
 d - a +0 buckler (worn)
Potions
 b - a potion of lignification


   Skills:
 + Level 2.5 Fighting
 + Level 0.4 Short Blades
 + Level 0.4 Long Blades
 + Level 0.4 Axes
 + Level 0.4 Maces & Flails
 + Level 0.4 Polearms
 + Level 0.4 Staves
 + Level 0.4 Ranged Weapons
 + Level 0.4 Throwing
 + Level 2.5 Armour
 + Level 0.4 Dodging
 + Level 0.4 Stealth
 + Level 2.5 Shields
 + Level 0.4 Unarmed Combat
 + Level 2.7 Spellcasting
 + Level 3.7 Conjurations
 + Level 0.2 Hexes
 + Level 0.2 Summonings
 + Level 0.2 Necromancy
 + Level 5.3 Translocations
 + Level 0.2 Fire Magic
 + Level 0.2 Ice Magic
 + Level 0.2 Air Magic
 + Level 0.2 Earth Magic
 + Level 0.2 Alchemy
 + Level 0.5 Invocations
 + Level 2.5 Evocations
 + Level 0.3 Shapeshifting


You had 6 spell levels left.
You didn't know any spells.
Your spell library contained the following spells:

 Spells                   Type           Power      Damage    Failure   Level
 Apportation              Tloc           30%        N/A       4%          1
 Gell's Gravitas          Tloc           15%        N/A       12%         3
 Sting                    Conj/Alch      24%        1d4       16%         1
 Mephitic Cloud           Conj/Alch/Air  5%         N/A       52%         3
 Dimensional Bullseye     Hex/Tloc       4%         N/A       73%         4


Dungeon Overview and Level Annotations

Branches:
Dungeon (1/15)

Altars:


Innate Abilities, Weirdness & Mutations

You have very sharp teeth.
Your uncanny sense of smell can sniff out nearby items.
Your experience applies equally to all skills.


Message History

The ball python constricts you.
As you read the scroll labelled GUEDALI LYFAW, it crumbles to dust.
You hear a loud clanging noise!
It was a scroll of noise.
You block the ball python's attack. The ball python constricts you.
You hit the ball python.
The ball python is heavily wounded.
The ball python barely misses you. The ball python constricts you.
The ball python barely misses you. The ball python constricts you.
You hit the ball python but do no damage.
The ball python is heavily wounded.
You block the ball python's attack. The ball python constricts you.
You barely miss the ball python.
The ball python is heavily wounded.
The ball python bites you. The ball python constricts you.
The ball python completely misses you. The ball python constricts you.
You hit the ball python.
You kill the ball python!
The jackal bites you.
You sock the jackal!
You kill the jackal!
The bat hits you.
You barely miss the hobgoblin. The hobgoblin hits you. x2
* * * LOW HITPOINT WARNING * * *
You hit the hobgoblin.
The hobgoblin is lightly wounded.
You block the hobgoblin's attack.
You hit the hobgoblin.
The hobgoblin is severely wounded.
The hobgoblin hits you.
* * * LOW HITPOINT WARNING * * *
The hobgoblin closely misses you.
As you read the scroll labelled AWUSUN NYOLIDWOTASH, it crumbles to dust.
You feel strangely unstable.
It was a scroll of teleportation.
The hobgoblin barely misses you. The hobgoblin barely misses you.
You hit the hobgoblin but do no damage.
The hobgoblin is severely wounded.
The hobgoblin hits you.
You die...

#...........####.#.##
####................#.#.
...............######.#.
######................#.
#..######.########.
#..#.............#.
..####..#.####.######.#.
........#. .... #...
..#####@#. ......# ##.#
#g#. #......# #.# .b..
###.#### #.' ..... ..#
#.# ......# .## #.'
...#.... #.# ...##...##
#.# .... ....# ###


You could see a hobgoblin and a bat.

Vanquished Creatures
  A ball python (D:1)
  A bat (D:1)
  An endoplasm (D:1)
  A giant cockroach (D:1)
  2 goblins (D:1)
  3 jackals (D:1)
  A quokka (D:1)
10 creatures vanquished.

Notes
Turn   | Place    | Note
-------+----------+-------------------------------------------
     0 | D:1      | jjones the Gnoll Wanderer began the quest for the Orb.
     0 | D:1      | jjones set off with the following items: a +0 dagger, a
                  | potion of lignification, a +0 robe, a +0 buckler; and the
                  | following spells available to memorise: Apportation, Gell's
                  | Gravitas, Sting, Mephitic Cloud, Dimensional Bullseye.
     0 | D:1      | Reached XP level 1. HP: 17/17 MP: 4/4
   130 | D:1      | Reached XP level 2. HP: 14/21 MP: 5/5
   182 | D:1      | Slain by a hobgoblin

Illustrated notes

Levels and vault maps discovered:
D:1:      minmay_arrival_solitary_statue, layout_basic,
          ebering_ecumenical_altar_abandoned

Action                     || total
---------------------------++-------
  Melee: Dagger            ||    22
         Bite              ||     1
         Mace              ||    19
    Use: Scroll            ||     2
 Armour: Robe              ||    38
  Dodge: Dodged            ||    27
  Block: Buckler           ||    16
